 Dungeon Crawl Stone Soup version 0.26-a0-969-g2c58977ddd (webtiles) character file.

Game seed: 13352850451127442579

121 EiAlmux the Gusty (level 5, -5/28 HPs)
             Began as a Tengu Air Elementalist on Dec 4, 2020.
             Killed from afar by an orc wizard (10 damage)
             ... with a puff of flame
             ... on level 3 of the Dungeon.
             The game lasted 00:11:00 (3391 turns).

EiAlmux the Gusty (Tengu Air Elementalist)          Turns: 3391, Time: 00:11:00

Health: -5/28      AC:  3    Str:  8    XL:     5   Next: 5%
Magic:  3/10       EV: 15    Int: 16    God:
Gold:   96         SH:  0    Dex: 15    Spells: 3/9 levels left

rFire    . . .     SeeInvis .   c - +3 rapier
rCold    . . .     Faith    .   (no shield)
rNeg     . . .     Spirit   .   a - +0 robe
rPois    .         Reflect  .   (helmet restricted)
rElec    .         Harm     .   i - +0 cloak (curse)
rCorr    .         Rampage  .   (no gloves)
MR       .....                  (boots unavailable)
Stlth    ++........             (no amulet)
HPRegen  0.09/turn              (no ring)
MPRegen  0.12/turn              (no ring)

@: swift, flying quickly and evasively, very quick
A: beak, talons 3, able to fly
a: Stop Flying


You were on level 3 of the Dungeon.
You visited 1 branch of the dungeon, and saw 3 of its levels.

You collected 96 gold pieces.

Inventory:

Hand Weapons
 c - a +3 rapier (weapon)
Missiles
 b - 122 stones
Armour
 a - a +0 robe (worn)
 i - a cursed +0 cloak (worn)
Wands
 o - a wand of iceblast (9)
Scrolls
 e - a scroll of teleportation {unknown}
 g - a scroll of enchant weapon {unknown}
 h - 2 scrolls of random uselessness {unknown}
 l - a scroll of identify
 m - a scroll of enchant armour {unknown}
Potions
 d - 2 potions of degeneration
 f - a potion of flight
 j - a potion of invisibility {unknown}
 k - a potion of magic {unknown}
 n - a potion of attraction {unknown}


   Skills:
 - Level 2.1 Dodging
 - Level 2.2 Stealth
 + Level 2.8 Spellcasting
 + Level 3.2 Conjurations
 * Level 5.8 Air Magic


You had 3 spell levels left.
You knew the following spells:

 Your Spells              Type           Power        Failure   Level
a - Shock                 Conj/Air       ###.         3%          1
b - Static Discharge      Conj/Air       ###.....     9%          3
e - Swiftness             Air            ###.....     2%          2

Your spell library contained the following spells:

 Spells                   Type           Power        Failure   Level
 Confusing Touch          Hex            #.......     50%         3
 Gell's Gravitas          Tloc           #.........   50%         3
 Airstrike                Air            ###.......   17%         4
 Lightning Bolt           Conj/Air       ###.......   63%         5
 Petrify                  Tmut/Erth      #.......     88%         4
 Metabolic Englaciation   Hex/Ice        #.........   99%         5
 Yara's Violent Unravell  Hex/Tmut       #.........   99%         5


Dungeon Overview and Level Annotations

Branches:
Dungeon (3/15)

Altars:


Innate Abilities, Weirdness & Mutations

You have a beak for a mouth.
You have claws for feet.
You can fly continuously.


Message History

Confirm with . or Enter, or press ? or * to list all spells.
Aiming: Shock (safe; 3% risk of failure)
Press: ? - help, Shift-Dir - straight line A magic dart appears from out of thin air!
The magic dart hits you!
You hear some strange, mumbled words.
A puff of frost appears from out of thin air!
The puff of frost hits you!
You hear some strange, mumbled words.
A puff of flame appears from out of thin air!
The puff of flame hits you!
* * * LOW HITPOINT WARNING * * *
A puff of frost appears from out of thin air!
The puff of frost misses you.
Casting: Shock (safe; 3% risk of failure)
Confirm with . or Enter, or press ? or * to list all spells.
You feel quick.
A puff of flame appears from out of thin air!
The puff of flame hits you!
You die...

....##.. #........ ...#........#
.......# ##....... #.##........#
.......###.......####.####.######
........##.......................
........................##.####..
###...........{.........#.....#..
......................#.#.....'..
..........######......#.#.....#..
..........# #@.....#.#.....#..
######....# #......#.##'#'####
#....# #......#.##.#.# #.####
#......#....#.# #.#
#.####.######.# #.# #.# #.#
#.#### #.# #.# #.# #.##.. #.# #.#
#.# #.##.# #.# #.# #.######.##.#


There were no monsters in sight!

Vanquished Creatures
  3 adders (D:3)
  An ooze (D:3)
  A worm (D:2)
  4 dart slugs
  6 orcs (D:3)
  3 bats
  2 giant cockroaches (D:3)
  9 goblins
  6 hobgoblins
  15 jackals
  4 kobolds
  A quokka (D:2)
  7 frilled lizards
  6 rats
68 creatures vanquished.

Notes
Turn   | Place    | Note
-------+----------+-------------------------------------------
     0 | D:1      | EiAlmux the Tengu Air Elementalist began the quest for the
                  | Orb.
     0 | D:1      | Reached XP level 1. HP: 10/10 MP: 4/4
   211 | D:1      | Reached XP level 2. HP: 15/15 MP: 3/6
   626 | D:1      | Reached XP level 3. HP: 19/19 MP: 5/7
   751 | D:2      | Learned a level 2 spell: Swiftness
  1186 | D:1      | Reached skill level 5 in Air Magic
  1503 | D:2      | You fall into a shaft and drop 1 floor!
  1614 | D:3      | Reached XP level 4. HP: 22/24 MP: 1/8
  1761 | D:3      | Learned a level 3 spell: Static Discharge
  3039 | D:3      | Gained mutation: You can fly continuously. [Tengu growth]
  3039 | D:3      | Reached XP level 5. HP: 28/28 MP: 6/10
  3391 | D:3      | Killed from afar by an orc wizard

Illustrated notes

Levels and vault maps discovered:
D:1:      lemuel_arrival_cross, layout_rooms, kennysheep_flooded_box
D:2:      layout_basic
D:3:      layout_basic

Skill      XL: |  1  2  3  4 |
---------------+-------------+-----
Conjurations   | 2 3 |  3.2
Air Magic      | 5 |  5.8
Dodging        | |  2.1
Stealth        | |  2.2
Spellcasting   | |  2.8

Action                   |  1- 3 |  4- 6 || total
-------------------------+-------+-------++-------
Melee: Unarmed           |    27 |       ||    27
       Peck              |     8 |       ||     8
       Kick              |     4 |     1 ||     5
       Rapier            |       |     4 ||     4
 Cast: Shock             |    77 |    82 ||   159
       Swiftness         |     1 |     2 ||     3
 Abil: Fly               |       |     1 ||     1
  Use: Scroll            |     2 |       ||     2
Armor: Robe              |     9 |     1 ||    10
Dodge: Dodged            |    28 |     6 ||    34

Table legend: (Time is in decaauts)
 A = Elapsed time spent in this place.
 B = Non-inter-level travel time spent in this place.
 C = Inter-level travel time spent in this place.
 D = Time resting spent in this place.
 E = Time spent auto-exploring this place.
 F = Levels seen in this place.
 G = Mean time per level.
                   A        B        C        D        E       F      G
               +--------+--------+--------+--------+--------+-----+--------+
         Total |   3366 |   3111 |    255 |    485 |   2093 |   3 | 1122.0 |
       Dungeon |   3366 |   3111 |    255 |    485 |   2093 |   3 | 1122.0 |
               +--------+--------+--------+--------+--------+-----+--------+

Top non-repeatable levels by time:
     D:2: 1547 daAuts
     D:1: 939 daAuts
     D:3: 879 daAuts
